AoeStats
← Barón de la Cerveza

Fortress

510421918Analyzed
1v1 RM · 1d ago on Sep 30, 2026· 79m 48s· 2 players
Game mode
Random Map
Map size
Small (3 player)
Population
200
Speed
Normal
Resources
Standard
Victory
Conquest
Starting age
Dark Age
Ending age
Imperial Age
RankedLock teamsTeams togetherTeam positionsShared explorationLock speedFull tech treeHidden civsTurbo modeCheats
Victory
Defeat
🇲🇽 Saxons · Mexico
1803
+20
🇦🇷 Lithuanians · Argentina
1882
-20
Barón de la Cerveza
7:37 Feudal Age
11:04 Castle Age
9:05 Double-Bit Axe
9:04 Horse Collar
11:50 Heavy Plow
12:58 Bow Saw
24:49 Imperial Age
23:24 Wheelbarrow
23:21 Gold Mining
23:21 Stone Mining
23:33 Stone Mining
23:33 Loom
23:27 Clerical Recruitment
25:00 Scale Mail Armor
25:02 Squires
24:47 Gambesons
25:05 Gambesons
26:51 Chain Mail Armor
26:47 Forging
28:36 Elite Varangian Guard
30:24 Conscription
30:44 Hand Cart
31:33 Capped Ram
33:36 Thumb Ring
32:51 Cranequins
32:51 Heavy Mounted Crossbowman
33:28 Fletching
33:07 Pikeman
34:16 Bloodlines
34:07 Husbandry
34:24 Bodkin Arrow
34:00 Halberdier
35:06 Bracer
36:10 Hoardings
38:07 Ballistics
38:57 Fortified Wall
38:55 Siege Engineers
39:18 Padded Archer Armor
39:50 Plate Mail Armor
39:56 Iron Casting
41:12 Chemistry
41:05 Gold Shaft Mining
48:06 Town Watch
50:00 Light Cavalry
51:07 Scale Barding Armor
51:17 Leather Archer Armor
53:50 Shield Wall
54:06 Elite Skirmisher
58:15 Chain Barding Armor
63:10 Guilds
Rainbowlucho
0:27 Loom
5:56 Feudal Age
7:18 Wheelbarrow
11:11 Castle Age
9:08 Horse Collar
10:04 Double-Bit Axe
14:58 Bow Saw
17:56 Devotion
21:14 Hand Cart
22:13 Town Watch
22:13 Loom
27:02 Imperial Age
24:40 Scale Barding Armor
24:59 Forging
26:18 Chain Barding Armor
25:59 Padded Archer Armor
28:04 Bloodlines
27:54 Husbandry
27:20 Elite Leitis
28:39 Plate Barding Armor
29:09 Ballistics
29:51 Chemistry
29:48 Herbal Medicine
30:56 Iron Casting
31:38 Masonry
31:49 Conscription
34:01 Leather Archer Armor
36:08 Ring Archer Armor
35:48 Gold Mining
35:49 Stone Mining
39:19 Architecture
39:08 Fortified Wall
41:26 Tower Shields
40:53 Elite Skirmisher
41:26 Fletching
42:07 Capped Ram
43:41 Guilds
44:21 Bodkin Arrow
46:18 Bracer
46:27 Thumb Ring
46:53 Architecture
47:58 Ballistics
48:05 Treadmill Crane
49:06 Hoardings
49:19 Light Cavalry
51:39 Winged Hussar
58:30 Squires
63:24 Pikeman
67:55 Arson
73:09 Halberdier
73:57 Scale Mail Armor
74:02 Heavy Plow
76:07 Chain Mail Armor
Connection lost

Rejoining the realm…

Still unreachable

The connection could not be restored.

Session expired

The server has moved on; the page needs a fresh start.